 Dungeon Crawl Stone Soup version 0.31.0-11-ge490571c62 (webtiles) character file.

Game seed: 17215359413175174237

305 Arctor the Grave Robber (level 6, -2/32 HPs)
             Began as a Deep Elf Necromancer on Jan 30, 2024.
             Succumbed to a water moccasin's poison
             ... on level 5 of the Dungeon.
             The game lasted 00:04:41 (2616 turns).

Arctor the Grave Robber (Deep Elf Necromancer)      Turns: 2616, Time: 00:04:42

Health: -2/32      AC:  5    Str:  5    XL:     6   Next: 16%
Magic:  6/15       EV: 13    Int: 22    God:
Gold:   43         SH:  0    Dex: 15    Spells: 7/14 levels left

rFire   . . .        g - +2 dagger (venom)
rCold   . . .        (no shield)
rNeg    . . .        a - +0 robe
rPois   .            m - +2 hat
rElec   .            (no cloak)
rCorr   .            j - +0 pair of gloves
SInv    .            (no boots)
Will    .....        (no amulet)
Stlth   +++          (no ring)
HPRegen 0.25/turn    (no ring)
MPRegen 0.14/turn

%: no passive effects
@: lethally poisoned (-2 -> -29)
A: no striking features
a: no special abilities


You were on level 5 of the Dungeon.
You visited 1 branch of the dungeon, and saw 5 of its levels.

You collected 43 gold pieces.

Inventory:

Hand Weapons
 e - a +1 dagger of pain
 g - a +2 dagger of venom (weapon)
Armour
 a - a +0 robe (worn)
 j - a +0 pair of gloves (worn)
 m - a +2 hat (worn)
Scrolls
 c - a scroll of fear
 d - a scroll of identify
 i - a scroll of revelation
 k - a scroll of torment
 l - a scroll of teleportation
Potions
 b - a potion of magic
 h - a potion of attraction


   Skills:
 + Level 4.2 Dodging
 + Level 4.5 Stealth
 + Level 4.8 Spellcasting
 + Level 2.1 Summonings
 + Level 5.9 Necromancy


You had 7 spell levels left.
You knew the following spells:

 Your Spells              Type           Power      Damage    Failure   Level
a - Necrotise             Necr           100%       1d9       1%          1
b - Vampiric Draining     Necr           31%        2d8       2%          3
c - Summon Ice Beast      Ice/Summ       9%         N/A       21%         3

Your spell library contained the following spells:

 Spells                   Type           Power      Damage    Failure   Level
 Animate Dead             Necr           31%        N/A       9%          4
 Lesser Beckoning         Tloc           10%        N/A       16%         2
 Curse of Agony           Necr           31%        N/A       26%         5
 Gell's Gravitas          Tloc           5%         N/A       30%         3
 Hailstorm                Conj/Ice       5%         3d5       30%         3
 Teleport Other           Tloc           5%         N/A       30%         3
 Vhi's Electric Charge    Tloc/Air       10%        N/A       71%         4
 Arcjolt                  Conj/Air       2%         1d12      96%         5
 Plasma Beam              Fire/Air       2%         2x1d12    100%        6
 Sculpt Simulacrum        Ice/Alch       2%         N/A       100%        6


Dungeon Overview and Level Annotations

Branches:
Dungeon (5/15)
 Temple: D:4-7

Altars:

Shops:
D:2 **

Annotations:
D:5 Menkaure


Message History

The water moccasin writhes in agony.
The water moccasin writhes in agony.
The water moccasin closely misses you. The water moccasin bites you.
The water moccasin writhes in agony.
The water moccasin closely misses you.
The water moccasin writhes in agony.
The water moccasin barely misses you.
The water moccasin writhes in agony.
The water moccasin bites you.
You are poisoned.
The water moccasin poisons you! The water moccasin closely misses you.
The water moccasin writhes in agony.
You feel very sick. The water moccasin bites you.
You are lethally poisoned!
The water moccasin poisons you!
You are too injured to fight recklessly!
You are too injured to fight recklessly!
Okay, then.
Casting: Necrotise (safe; 1% risk of failure)
Confirm with . or Enter, or press ? or * to list all spells.
You don't know that spell.
You can't go down here!
Casting: Necrotise (safe; 1% risk of failure)
Confirm with . or Enter, or press ? or * to list all spells.
Aiming: Necrotise (safe; 1% risk of failure)
Press: ? - help, Shift-Dir - straight line, f/p - water moccasin
Aim: a water moccasin (severely wounded, chance to affect: 83%)
Okay, then.
Casting: Necrotise (safe; 1% risk of failure)
Confirm with . or Enter, or press ? or * to list all spells.
A chill wind blows around you.
* * * LOW HITPOINT WARNING * * *
You feel very sick. The water moccasin bites you.
* * * LOW HITPOINT WARNING * * *
You are more poisoned.
The water moccasin poisons you!
The water moccasin bites you but does no damage.
Okay, then.
As you read the scroll of fear, it crumbles to dust.
You assume a fearsome visage.
The water moccasin looks frightened!
You die...

#.........M.........#
#...
#:..................##
#...
#.#+#########+##.....#
#### #. +.....# # #
#.....# # #+
####.....# #
.##..###.#......# #
.........†......#
......S@.#......#
.##..##.Y#......# #.
#..#......#
#..#....>.#
#..#......#
####......# ##......


You could see a water moccasin (fleeing, ally target) and a friendly ice beast
(summoned).

Vanquished Creatures
  2 scorpions (D:5)
  A bombardier beetle (D:3)
  An orc priest (D:5)
  An orc wizard (D:5)
  A gnoll (D:1)
  2 adders
  A ribbon worm (D:3)
  2 dart slugs
  3 orcs
  7 ball pythons
  5 bats
  2 endoplasms
  A giant cockroach (D:1)
  7 goblins
  6 hobgoblins
  3 jackals (D:1)
  10 kobolds
  A quokka (D:3)
  3 frilled lizards
  7 rats
66 creatures vanquished.

Vanquished Creatures (collateral kills)
  A quokka (D:1)
1 creature vanquished.

Grand Total: 67 creatures vanquished

Notes
Turn   | Place    | Note
-------+----------+-------------------------------------------
     0 | D:1      | Arctor the Deep Elf Necromancer began the quest for the
                  | Orb.
     0 | D:1      | Reached XP level 1. HP: 10/10 MP: 6/6
   201 | D:1      | Reached XP level 2. HP: 15/15 MP: 6/8
   240 | D:1      | Reached skill level 5 in Necromancy
   410 | D:1      | Reached XP level 3. HP: 10/19 MP: 5/10
   772 | D:1      | Found a faded altar of an unknown god.
   995 | D:2      | Learned a level 3 spell: Vampiric Draining
  1026 | D:2      | Found Ajixko's Assorted Antiques.
  1049 | D:2      | Found Rialea's General Store.
  1195 | D:2      | Learned a level 3 spell: Summon Ice Beast
  1349 | D:3      | Reached XP level 4. HP: 19/24 MP: 6/12
  1751 | D:3      | Reached skill level 1 in Summonings
  1850 | D:3      | Identified the +4 ring mail of Cacem {Harm rF+}
  2147 | D:4      | You fall into a shaft and drop 1 floor!
  2147 | D:5      | Entered Level 5 of the Dungeon
  2153 | D:5      | Noticed a scorpion
  2246 | D:5      | Noticed a water moccasin
  2247 | D:5      | Noticed Menkaure
  2291 | D:5      | Noticed a water moccasin
  2397 | D:5      | Noticed a scorpion
  2440 | D:5      | Reached XP level 5. HP: 28/28 MP: 9/13
  2535 | D:5      | Reached XP level 6. HP: 13/32 MP: 15/15
  2616 | D:5      | Succumbed to a water moccasin's poison

Illustrated notes

Levels and vault maps discovered:
D:1:      ebering_trefoil_3fold, layout_rooms,
          dilly_ecumenical_altar_fadedgnrine, grunt_decor_one_mirror
D:2:      layout_rooms, serial_shops, shop, shop, minmay_liquid_box
D:3:      layout_loops_ring
D:4:      layout_loops_corners, tso_altar, minmay_misc_feat_tiny,
          minmay_box_of_dots, uniq_crazy_yiuf_cottage
D:5:      layout_gridville, mainiacjoe_overflow_alcove_1, uniq_menkaure

Skill      XL: |  1  2  3  4  5 |
---------------+----------------+-----
Necromancy     | 5 |  5.9
Stealth        | 3 4 |  4.5
Dodging        | 3 4 |  4.2
Spellcasting   | 4 |  4.8
Summonings     | 1 2 |  2.1

Action                     |  1- 3 |  4- 6 || total
---------------------------+-------+-------++-------
  Melee: Unarmed           |    20 |       ||    20
         Dagger            |    70 |    11 ||    81
   Cast: Necrotise         |    32 |    50 ||    82
         Summon Ice Beast  |       |     1 ||     1
    Use: Scroll            |       |     6 ||     6
         Potion            |       |     1 ||     1
   Stab: Sleeping          |     6 |       ||     6
         Distracted        |     1 |       ||     1
 Armour: Robe              |    47 |    18 ||    65
  Dodge: Dodged            |    67 |    18 ||    85
